 Dungeon Crawl Stone Soup version 0.29-a0-393-g47a863cc1b (webtiles) character file.

Game seed: 9529485512972465480

1751 bande the Chopper (level 9, -2/55 HPs)
             Began as a Gargoyle Fighter on May 10, 2022.
             Slain by a vampire
             ... wielding a +1 vorpal spear
              (6 damage)
             ... on level 7 of the Dungeon.
             The game lasted 00:11:50 (7083 turns).

bande the Chopper (Gargoyle Fighter)                Turns: 7083, Time: 00:11:50

Health: -2/55      AC: 20    Str: 20    XL:     9   Next: 6%
Magic:  9/9        EV:  6    Int:  9    God:
Gold:   331        SH:  0    Dex: 13    Spells: 8/8 levels left

rFire   . . .      SeeInvis .   a - +1 war axe
rCold   . . .      Faith    .   c - +0 buckler
rNeg    + . .      Spirit   .   s - +0 plate armour
rPois   ∞          Reflect  .   (no helmet)
rElec   +          Harm     .   (no cloak)
rCorr   .          Rampage  .   e - +0 pair of gloves
Will    .....                   (no boots)
Stlth   ..........              n - amulet of regeneration
HPRegen 0.98/turn               (no ring)
MPRegen 0.11/turn               (no ring)

@: confused, mighty, hasted, very quick
A: sickness immunity, AC +6, negative energy resistance 1, electricity
resistance, torment resistance 1, petrification resistance
a: no special abilities


You were on level 7 of the Dungeon.
You visited 2 branches of the dungeon, and saw 8 of its levels.

You collected 331 gold pieces.

Inventory:

Hand Weapons
 a - a +1 war axe (weapon)
 t - a +0 war axe
 u - a +1 flail of protection
Armour
 c - a +0 buckler (worn)
 e - a +0 pair of gloves (worn)
 s - a +0 plate armour (worn)
Jewellery
 n - an amulet of regeneration (around neck)
Wands
 o - a wand of polymorph (8)
Scrolls
 f - 4 scrolls of teleportation
 l - 2 scrolls of enchant weapon
Potions
 b - a potion of magic {unknown}
 d - a potion of might
 g - a potion of mutation
 h - 2 potions of haste
 i - a potion of ambrosia
 j - a potion of flight
 k - 3 potions of resistance
 m - a potion of cancellation {unknown}
 p - 3 potions of curing {unknown}
 r - a potion of brilliance {unknown}


   Skills:
 + Level 6.0 Fighting
 + Level 7.2 Axes
 + Level 6.8 Armour
 + Level 4.5 Shields
 * Level 2.5 Evocations


You had 8 spell levels left.
You didn't know any spells.
Your spell library contained the following spells:

 Spells                   Type           Power      Damage    Failure   Level
 Shock                    Conj/Air       0%         1d3       100%        1
 Slow                     Hex            0%         N/A       100%        1
 Sting                    Tmut/Pois      0%         1d3       100%        1
 Ensorcelled Hibernation  Hex/Ice        0%         N/A       100%        2
 Passwall                 Tmut/Erth      0%         N/A       100%        2
 Poisonous Vapours        Pois/Air       0%         N/A       100%        2
 Confusing Touch          Hex            0%         N/A       100%        3
 Swiftness                Air            0%         N/A       100%        3
 Vampiric Draining        Necr           0%         2d6       100%        3
 Airstrike                Air            0%         N/A       100%        4
 Olgreb's Toxic Radiance  Pois           0%         N/A       100%        4


Dungeon Overview and Level Annotations

Branches:
Dungeon (7/15)             Temple (1/1) D:6

Altars:
Ashenzari
Dithmenos
Fedhas
Gozag
Hepliaklqana
Kikubaaqudgha
Makhleb
Nemelex Xobeh
Qazlal
Ru
Sif Muna
Trog
Wu Jian
Xom
Yredelemnul


Innate Abilities, Weirdness & Mutations

You are immune to sickness and miasma.
Your stone body is resilient. (AC +6)
You are immune to poison.
You resist negative energy. (rN+)
You are resistant to electric shocks. (rElec)
You are resistant to unholy torment.
You are immune to petrification.


Message History

The vampire hits you with a +1 vorpal spear.
The vampire bites you but does no damage.
An orc comes into view. It is wielding a +0 short sword.
You closely miss the vampire.
The orc shouts!
The vampire hits you with a +1 vorpal spear!
* * * LOW HITPOINT WARNING * * *
x2 The vampire bites you but does no damage.
You slash the vampire!
The vampire is heavily damaged.
The vampire closely misses you. The vampire bites you!
* * * LOW HITPOINT WARNING * * *
You slash the vampire!
The vampire is almost destroyed.
You block the vampire's attack.
The vampire bites you but does no damage.
An orc comes into view. It is wielding a +0 short sword.
The vampire hits you but does no damage.
The vampire bites you but does no damage.
You feel much better.
The vampire hits you with a +1 vorpal spear.
The vampire bites you!
* * * LOW HITPOINT WARNING * * *
Okay, then.
You hit the vampire but do no damage.
The vampire is almost destroyed.
The vampire casts a spell at you.
You are confused.
You closely miss the vampire.
The vampire is almost destroyed.
The vampire hits you with a +1 vorpal spear.
* * * LOW HITPOINT WARNING * * *
x2 The vampire bites you but does no damage.
The vampire hits you from afar with a +1 vorpal spear.
* * * LOW HITPOINT WARNING * * *
x2 You feel yourself speed up.
The vampire hits you but does no damage.
You bump into the rock wall.
The vampire hits you from afar with a +1 vorpal spear.
You die...

.......<.......# #.....
...............# #.....
.##...........##########....
#)...##+######......###.♣♣
#.... #>....##......##..♣♣
#....##.....'.............
#.........?..#.............
#............#.............
........@..#.............
..####V###+####....##.... #o
##....###### .. #...........
... #........... ....
#........... ##...
#........... #...
#........... #.<.........


You could see a vampire.

Vanquished Creatures
  Grinder (D:3)
  Sigmund (D:3)
  A water moccasin (D:6)
  An ice beast (D:7)
  An ogre (D:6)
  A phantom (D:4)
  2 bullfrogs
  3 scorpions
  A jelly (D:6)
  5 orc priests
  2 gnoll shamans
  A hound (D:6)
  2 iguanas
  5 orc wizards
  7 adders
  12 gnolls
  An ufetubus (D:5)
  2 worms
  3 dart slugs
  24 orcs
  7 ball pythons
  2 bats
  3 endoplasms
  11 giant cockroaches
  4 goblins
  2 hobgoblins
  A quokka (D:5)
  2 frilled lizards
  4 kobolds
  4 rats
116 creatures vanquished.

Notes
Turn   | Place    | Note
-------+----------+-------------------------------------------
     0 | D:1      | bande the Gargoyle Fighter began the quest for the Orb.
     0 | D:1      | Reached XP level 1. HP: 14/14 MP: 1/1
   236 | D:1      | Found a faded altar of an unknown god.
   243 | D:1      | Reached XP level 2. HP: 19/19 MP: 2/2
  1095 | D:2      | Reached skill level 2 in Axes
  1095 | D:2      | Reached XP level 3. HP: 23/23 MP: 3/3
  1601 | D:2      | Reached XP level 4. HP: 16/29 MP: 4/4
  2277 | D:3      | Noticed Grinder
  2300 | D:3      | Paralysed by Grinder for 3 turns
  2303 | D:3      | Killed Grinder
  2304 | D:3      | Reached skill level 3 in Axes
  2304 | D:3      | Reached XP level 5. HP: 17/34 MP: 5/5
  2304 | D:3      | Reached XP level 6. HP: 20/39 MP: 6/6
  2904 | D:3      | Noticed Sigmund
  2913 | D:3      | Killed Sigmund
  2914 | D:3      | Reached skill level 5 in Fighting
  2914 | D:3      | Reached skill level 4 in Axes
  2914 | D:3      | Reached skill level 5 in Armour
  2914 | D:3      | Reached XP level 7. HP: 34/44 MP: 7/7
  3982 | D:4      | Found a blossoming altar of Fedhas.
  4331 | D:4      | Reached skill level 5 in Axes
  4433 | D:5      | Entered Level 5 of the Dungeon
  4560 | D:5      | Found a broken altar of Ashenzari.
  4691 | D:5      | Found a shadowy altar of Dithmenos.
  5285 | D:6      | Reached XP level 8. HP: 45/50 MP: 8/8
  5353 | D:6      | Reached skill level 6 in Axes
  5353 | D:6      | Reached skill level 1 in Evocations
  6142 | D:6      | Found a staircase to the Ecumenical Temple.
  6160 | Temple   | Entered the Ecumenical Temple
  6769 | D:7      | Reached skill level 7 in Axes
  6769 | D:7      | Reached XP level 9. HP: 27/55 MP: 9/9
  7081 | D:7      | HP: 2/55 [vampire/+1 vorpal spear (1)]
  7083 | D:7      | Slain by a vampire

Illustrated notes

Levels and vault maps discovered:
D:1:      tarquinn_simple_flora_water_e, layout_basic,
          chequers_ecumenical_altar_simple
D:2:      minmay_roachtagon, layout_loops_corners
D:3:      layout_basic, uniq_sigmund, uniq_grinder
D:4:      layout_gridville, lemuel_round_altar, grunt_tough_drop
D:5:      layout_rooms, old_standard_altar, mainiacjoe_overflow_six_doors_small,
          minmay_misc_feat_doors
D:6:      layout_gridville, minmay_temple_entry_junction_2,
          chequers_serial_rivers_small_b
D:7:      layout_gridville, nicolae_tso_swordbearing_angel,
          chequers_mini_garden, nicolae_shop_fire_sale [nicolae_sub_dead_trees],
          grunt_decor_junction, chequers_avenue, minmay_diced_spiral
Temple:   nicolae_temple_x_marks_the_god

Skill      XL: |  1  2  3  4  5  6  7  8  9 |
---------------+----------------------------+-----
Axes           | 2 3 4 5 7 |  7.2
Armour         | 4 5 6 |  6.8
Fighting       | 4 5 6 |  6.0
Shields        | 4 |  4.5
Evocations     | 2 |  2.5

Action                   |  1- 3 |  4- 6 |  7- 9 || total
-------------------------+-------+-------+-------++-------
Melee: War axe           |    77 |    51 |   266 ||   394
  Use: Scroll            |     6 |     5 |     5 ||    16
       Potion            |       |     1 |     3 ||     4
Armor: Scale mail        |    45 |    28 |    45 ||   118
       Plate armour      |       |       |   175 ||   175
Dodge: Dodged            |    42 |    18 |    91 ||   151
Block: Buckler           |    19 |     4 |    56 ||    79

Table legend: (Time is in decaauts)
 A = Elapsed time spent in this place.
 B = Non-inter-level travel time spent in this place.
 C = Inter-level travel time spent in this place.
 D = Time resting spent in this place.
 E = Time spent auto-exploring this place.
 F = Levels seen in this place.
 G = Mean time per level.
                   A        B        C        D        E       F      G
               +--------+--------+--------+--------+--------+-----+--------+
         Total |   7210 |   7100 |    110 |   1929 |   3842 |   8 |  901.2 |
       Dungeon |   7136 |   7026 |    110 |   1929 |   3792 |   7 | 1019.4 |
        Temple |     73 |     73 |      0 |      0 |     50 |   1 |   73.0 |
               +--------+--------+--------+--------+--------+-----+--------+

Top non-repeatable levels by time:
     D:3: 1488 daAuts
     D:6: 1359 daAuts
     D:2: 1309 daAuts
     D:1: 886 daAuts
     D:5: 861 daAuts
     D:4: 831 daAuts
     D:7: 400 daAuts
  Temple: 73 daAuts
